Map: Acropolis LE

Players

Djorn - Winner!

  • Race: Protoss Protoss
  • Spawn Location: 5:00

A.I. 1 (Very Easy)

  • Race: Protoss Protoss
  • Spawn Location: 11:00

VOD

Have the link to the VOD?

Description

Time

  • Played on: Aug. 22, 2019, 11:30 p.m.
  • Length: 4:55
Show
View Real Time Build Order
Export as new Build Order

Djorn Protoss - Winner!

Build Orders:  

Get SALT Encoding   

  12  0:01  Probe  
  13  0:15  Probe  
  14  0:22  Pylon  
  14  0:29  Probe  
  15  0:38  Probe  
  16  0:46  Probe  
  16  0:48  Gateway  
  17  1:00  Assimilator  
  17  1:03  Probe  
  18  1:16  Probe  
  19  1:21  Pylon  
  19  1:28  Probe  
  20  1:39  Cybernetics Core  
  20  1:40  Probe  
  21  1:48  Assimilator  
  21  1:58  Probe  
  21  1:59  Warp Gate  
  22  2:03  Zealot  
  24  2:10  Probe  
  25  2:30  Twilight Council  
  25  2:35  Gateway  
  25  2:36  Gateway  
  25  2:38  Gateway  
  25  2:40  Gateway  
  25  2:42  Gateway  
  25  2:48  Pylon  
  25  2:54  Adept  
  27  3:36  Pylon  
  27  3:38  Pylon  
  27  3:48  Zealot  
  27  3:49  Adept  
  27  3:50  Zealot  
  27  3:51  Adept  
  27  3:52  Zealot  
Show
View Real Time Build Order
Export as new Build Order

A.I. 1 (Very Easy) Protoss 

Build Orders:  

Get SALT Encoding   

  12  0:00  Probe  
  13  0:13  Probe  
  14  0:19  Pylon  
  14  0:37  Assimilator  
  14  0:43  Gateway  
  14  0:45  Pylon  
  14  1:14  Assimilator  
  14  1:24  Probe  
  14  1:32  Cybernetics Core, Probe  
  15  1:33  Zealot  
  18  1:40  Probe  
  19  1:50  Probe  
  20  2:00  Probe  
  21  2:08  Warp Gate, Probe  
  22  2:46  Stalker  
  24  4:10  Stalker  
  24  4:12  Pylon  
  20  4:33  Probe  
  10  4:38  Zealot  
Tags
 
Matchup
PvP
Replay Pack
sc2replays
Spawn Locations
Cross Positions
Add a new tag
Caveats
  • Supply blocks, unpowered buildings, or Contaminate may cause inaccurate times.
  • Supply counts are checked every 10 seconds.